 Dungeon Crawl Stone Soup version 0.21.1-1-g345015f (webtiles) character file.

25650 zishaf the Grappler (level 12, -1/135 HPs)
             Began as a Troll Hunter on May 16, 2018.
             Was an Initiate of Ru.
             Slain by a six-headed hydra (9 damage)
             ... on level 3 of the Lair of Beasts.
             The game lasted 00:58:48 (14799 turns).

zishaf the Grappler (Troll Hunter)                 Turns: 14799, Time: 00:58:49

Health: -1/135     AC:  9    Str: 23    XL:     12   Next: 91%
Magic:  20/23      EV: 14    Int:  7    God:    Ru [......]
Gold:   1047       SH: 11    Dex: 14    Spells: 11/11 levels left

rFire    + . .     SeeInvis .   K - +7 mace "Wigaim" {holy, *Slow rPois rC++ MP+9}
rCold    + + .     Gourm    +   e - +0 shield
rNeg     . . .     Faith    .   b - +0 robe
rPois    +         Spirit   .   (helmet restricted)
rElec    .         Reflect  .   B - +2 cloak {+Inv}
rCorr    .         Harm     .   (gloves unavailable)
MR       .....                  (boots unavailable)
Stlth    +.........             s - amulet of the gourmand
HPRegen  0.72/turn              u - ring of poison resistance
MPRegen  0.18/turn              J - ring of protection from fire

@: slowed, very slow
A: large, unfitting armour, claws 3, horns 1, repulsion field 1, fast metabolism
3, gourmand, regeneration 1, robust 1, shaggy fur 2, tough skin 2
a: Sacrifice Resistance, Sacrifice Skill, Sacrifice Experience, Reject
Sacrifices, Renounce Religion, Evoke Invisibility


You were on level 3 of the Lair of Beasts.
You worshipped Ru.
Ru was noncommittal.
You were very full.

You visited 3 branches of the dungeon, and saw 16 of its levels.
You also visited: Labyrinth, Ossuary and Bailey.

You collected 1101 gold pieces.
You spent 54 gold pieces at shops.

Inventory:

Hand Weapons
 E - a +0 blowgun
 K - the +7 mace "Wigaim" (weapon) {holy, *Slow rPois rC++ MP+9}
   (You found it on level 1 of the Lair of Beasts)

   It has been blessed by the Shining One to cause great damage to the undead
   and demons.
   It greatly protects you from cold.
   It protects you from poison.
   It affects your magic capacity (+9).
   It may slow you when you take damage.
 M - the +9 falchion of Olilulen {freeze, rPois rF++}
   (You found it on level 1 of the Lair of Beasts)

   It has been specially enchanted to freeze those struck by it, causing extra
   injury to most foes and up to half again as much damage against particularly
   susceptible opponents.
   It can also slow down cold-blooded creatures.
   It greatly protects you from fire.
   It protects you from poison.
Missiles
 c - 4 large rocks (quivered)
 d - 2 throwing nets
 D - 15 tomahawks
 F - 7 curare-tipped needles
 G - 86 poisoned needles
Armour
 b - a +0 robe (worn)
 e - a +0 shield (worn)
 B - a +2 cloak of invisibility (worn)
Jewellery
 h - an uncursed ring of fire
 s - an amulet of the gourmand (around neck)
 u - a ring of poison resistance (left claw)
 C - a +3 ring of evasion
 J - a ring of protection from fire (right claw)
 N - an uncursed ring of ice
 O - an uncursed ring of teleportation
Wands
 n - a wand of paralysis (52)
 t - a wand of flame (62)
 w - a wand of acid (21)
 x - a wand of polymorph (56)
 y - a wand of enslavement (7)
 L - a wand of clouds (4)
Scrolls
 a - 4 scrolls of enchant armour
 g - 4 scrolls of fog
 j - 4 scrolls of teleportation
 k - a scroll of magic mapping
 l - 3 scrolls of identify
 m - 3 scrolls of amnesia
 o - 6 scrolls of enchant weapon
 r - 6 scrolls of remove curse
 z - 3 scrolls of holy word
 A - a scroll of torment
 H - a scroll of blinking
 I - a scroll of fear
Potions
 i - 2 potions of flight
 p - a potion of resistance
 q - 4 potions of curing
 v - 2 potions of brilliance
 P - a potion of haste
 Q - a potion of might
Comestibles
 f - 36 rations


   Skills:
 - Level 9.0 Fighting
 + Level 3.6 Maces & Flails
 + Level 7.6 Throwing
 + Level 4.0 Dodging
 - Level 0.3 Stealth
 - Level 9.0 Shields
 * Level 12.0 Unarmed Combat
 - Level 4.0 Evocations


You had 11 spell levels left.
You didn't know any spells.

Dungeon Overview and Level Annotations

Branches:
Dungeon (11/15)            Temple (1/1) D:6            Lair (4/6) D:10
 Shoals (0/4) Lair:2          Orc (0/2) D:11
  Snake: Lair:2-4    Spider: Lair:2-4

Altars:
Ashenzari
Cheibriados
Dithmenos
Elyvilon
Fedhas
Gozag
Hepliaklqana
Kikubaaqudgha
Makhleb
Nemelex Xobeh
Okawaru
Qazlal
Ru
Sif Muna
Trog
Uskayaw
Vehumet
Wu Jian
Xom
Yredelemnul
Zin
The Shining One

Shops:
D:7 [   D:8 *


Innate Abilities, Weirdness & Mutations

You are too large for most types of armour.
You have claws for hands.
Your metabolism is lightning-fast.
You like to eat raw meat.
Your natural rate of healing is unusually fast.
You are covered in thick fur. (AC +2)
You have very tough skin. (AC +2)
You have a pair of small horns on your head.
You are surrounded by a mild repulsion field. (EV +2)
You are robust. (+10% HP)


Message History

Aim: a six-headed hydra You throw a large rock.
The large rock hits the six-headed hydra!!
The six-headed hydra is moderately wounded.
The six-headed hydra bites you!
You block the six-headed hydra's attack.
The six-headed hydra bites you but does no damage.
The six-headed hydra bites you!
* * * LOW HITPOINT WARNING * * *
The six-headed hydra bites you!
* * * LOW HITPOINT WARNING * * *
You block the six-headed hydra's attack.
The six-headed hydra bites you!
* * * LOW HITPOINT WARNING * * *
You feel yourself slow down.
The six-headed hydra closely misses you.
You block the six-headed hydra's attack.
The six-headed hydra closely misses you.
The six-headed hydra bites you!
You die...

..##..P....#####....P.......##..#
#......P...#..[#..(.....P......##
#.........P[...#................#
.......)..P#...#...............##
........P.P#####P.....♣........#
.....♣...............♣.........#
.....♣.....P...P...............##
................PD....P.........#
......P.........@.P............##
>....#♣♣...........♣♣##........#
.....# #.♣...P...♣♣.###........#
÷....# ##♣♣♣...♣P...##P........#
.....## ♣..........#######.####
......# ###.###..### ### .....##
##.##### #P.### ### ####


You could see a six-headed hydra.

Vanquished Creatures
  A minotaur (Lab)
  2 hydras
  3 two-headed ogres
  The ghost of korthal the Quickloader, a novice KoHu of Okawaru (D:8)
  An unseen horror (D:11)
  An ugly thing (D:11)
  Joseph (D:9)
  A black mamba (Lair:3)
  A gargoyle (D:11)
  3 spiny frogs
  2 kobold demonologists (Bailey)
  3 komodo dragons
  A hornet (D:9)
  Prince Ribbit (D:5)
  A dream sheep (Lair:3)
  7 blink frogs
  4 hippogriffs
  A spriggan (Lair:3)
  A wraith (D:6)
  Eustachio (D:4)
  4 hogs (D:7)
  11 yaks
  A human (D:7)
  4 basilisks
  6 hungry ghosts
  3 wargs (D:10)
  Edmund (D:5)
  Duvessa (D:5)
  An acid dragon (Bailey)
  6 porcupines
  4 water moccasins
  15 orc warriors
  A swamp drake (Bailey)
  A black bear (D:8)
  2 sky beasts
  3 ice beasts
  A necrophage (D:8)
  A hornet zombie (D:10)
  2 phantoms (D:10)
  4 ogres
  6 wolves (Lair:1)
  8 centaurs
  5 crocodiles
  Blork the orc (D:6)
  2 big kobolds (D:10)
  13 bullfrogs
  An elf zombie (Ossuary)
  A water moccasin zombie (D:11)
  A wyvern zombie (D:10)
  Dowan (D:5)
  A wyvern skeleton (D:8)
  5 scorpions
  21 killer bees
  5 wights (D:11)
  A howler monkey (D:6)
  8 crimson imps
  2 centaur zombies
  3 hounds
  A jelly (D:6)
  4 bullfrog skeletons
  A human zombie (Ossuary)
  9 orc wizards
  7 orc priests
  3 centaur skeletons
  Jessica (D:3)
  3 iguanas
  Natasha (thrice) (D:4 D:7)
  4 worker ants
  A big kobold zombie (Ossuary)
  2 mummies (Ossuary)
  3 worker ant zombies
  13 adders
  10 gnolls
  A howler monkey skeleton (D:10)
  A river rat (D:11)
  2 shadow imps
  2 worms (D:3)
  A dart slug (D:1)
  5 leopard geckos
  52 orcs
  A ball python (D:1)
  6 giant cockroaches
  18 goblins
  22 hobgoblins
  11 jackals
  4 quokkas
  2 ball python skeletons
  8 bats
  4 frilled lizards
  2 gnoll zombies (Ossuary)
  2 goblin zombies (Ossuary)
  3 hobgoblin zombies (Ossuary)
  A jackal skeleton (D:4)
  24 kobolds
  A leopard gecko zombie (D:7)
  4 orc zombies (Ossuary)
  8 rats
444 creatures vanquished.

Vanquished Creatures (others)
  2 plants (D:10)
2 creatures vanquished.

Grand Total: 446 creatures vanquished

Notes
Turn   | Place    | Note
-------+----------+-------------------------------------------
     0 | D:1      | zishaf the Troll Hunter began the quest for the Orb.
     0 | D:1      | Reached XP level 1. HP: 19/19 MP: 0/0
    69 | D:1      | Reached skill level 1 in Unarmed Combat
   116 | D:1      | Reached XP level 2. HP: 27/27 MP: 1/1
   332 | D:1      | Reached skill level 2 in Unarmed Combat
   337 | D:1      | Reached XP level 3. HP: 25/33 MP: 2/2
  1021 | D:2      | Found a shadowy altar of Dithmenos.
  1115 | D:2      | Reached skill level 3 in Unarmed Combat
  1380 | D:2      | Reached XP level 4. HP: 41/41 MP: 3/3
  1576 | D:3      | Noticed Jessica
  1592 | D:3      | Killed Jessica
  1592 | D:3      | Reached skill level 4 in Unarmed Combat
  1669 | D:3      | Reached XP level 5. HP: 32/48 MP: 4/4
  1702 | D:3      | Found a deep blue altar of Sif Muna.
  1974 | D:3      | Found an iron altar of Okawaru.
  2091 | D:4      | Reached skill level 5 in Unarmed Combat
  2102 | D:4      | Found a hide-covered altar of Uskayaw.
  2129 | D:4      | Found a blossoming altar of Fedhas.
  2132 | D:4      | Became a worshipper of Uskayaw the Reveler
  2138 | D:4      | Reached * piety under Uskayaw
  2143 | D:4      | Noticed Natasha
  2150 | D:4      | Killed Natasha
  2150 | D:4      | Reached XP level 6. HP: 44/59 MP: 5/5
  2150 | D:4      | Reached ** piety under Uskayaw
  2151 | D:4      | Reached *** piety under Uskayaw
  2339 | D:4      | Noticed Eustachio
  2353 | D:4      | Killed Eustachio
  2621 | D:5      | Entered Level 5 of the Dungeon
  2734 | D:5      | Noticed a sky beast
  2749 | D:5      | Killed a sky beast
  2749 | D:5      | Reached XP level 7. HP: 53/70 MP: 2/6
  2851 | D:5      | Noticed Edmund
  2857 | D:5      | Killed Edmund
  2857 | D:5      | Reached skill level 6 in Unarmed Combat
  2919 | D:5      | Noticed Duvessa
  2919 | D:5      | Noticed Dowan
  2946 | D:5      | HP: 1/71 [Duvessa/wand of flame (14) (5)]
  2948 | D:5      | Killed Duvessa
  2949 | D:5      | Gained mutation: You are surrounded by a mild repulsion field. (EV +2) [potion of mutation]
  2949 | D:5      | Gained mutation: You have sharp toenails. [potion of mutation]
  2949 | D:5      | Gained mutation: You evolve. [potion of mutation]
  2952 | D:5      | Killed Dowan
  3162 | D:5      | Reached skill level 5 in Fighting
  3176 | D:5      | Noticed Prince Ribbit
  3182 | D:5      | Killed Prince Ribbit
  3182 | D:5      | Reached XP level 8. HP: 57/81 MP: 7/7
  3569 | D:6      | Found a sparkling altar of Nemelex Xobeh.
  3577 | D:6      | Found a blossoming altar of Fedhas.
  3585 | D:6      | Found a shadowy altar of Dithmenos.
  3591 | D:6      | Noticed Blork the orc
  3595 | D:6      | Reached skill level 7 in Unarmed Combat
  3595 | D:6      | Reached **** piety under Uskayaw
  3599 | D:6      | Found a white marble altar of Elyvilon.
  3602 | D:6      | Reached ***** piety under Uskayaw
  3605 | D:6      | Killed Blork the orc
  3630 | D:6      | Found a sand-covered staircase.
  3658 | Ossuary  | Entered an ossuary
  3797 | D:6      | Found a staircase to the Ecumenical Temple.
  3803 | Temple   | Entered the Ecumenical Temple
  4246 | D:6      | Reached XP level 9. HP: 59/93 MP: 8/8
  4246 | D:6      | Reached ****** piety under Uskayaw
  4297 | D:6      | Reached skill level 8 in Unarmed Combat
  4302 | D:6      | Found a hazy altar of Hepliaklqana.
  4316 | D:6      | Found a sacrificial altar of Ru.
  4398 | D:6      | Fell from the grace of Uskayaw
  4398 | D:6      | Became a worshipper of Ru the Awakened
  4490 | D:7      | Paralysed by the fury of Uskayaw for 4 turns
  4609 | D:6      | Gained mutation: Your spells are a little harder to cast, but a little more powerful. [evolution]
  4611 | D:6      | Lost mutation: Your spells are a little harder to cast, but a little more powerful. [potion of mutation]
  4611 | D:6      | Lost mutation: You evolve. [potion of mutation]
  4611 | D:6      | Lost mutation: You have sharp toenails. [potion of mutation]
  4611 | D:6      | Gained mutation: You have a pair of small horns on your head. [potion of mutation]
  4611 | D:6      | Gained mutation: You are covered in thick fur. (AC +2) [potion of mutation]
  4611 | D:6      | Gained mutation: You are robust. (+10% HP) [potion of mutation]
  4687 | D:7      | Found Diremoam's Armour Emporium.
  4695 | D:7      | Bought a +0 shield for 54 gold pieces
  4827 | D:7      | Noticed Natasha
  4831 | D:7      | Killed Natasha
  4949 | D:7      | Reached skill level 1 in Shields
  5021 | D:7      | Noticed Natasha
  5086 | D:7      | Killed Natasha
  5691 | D:8      | Noticed korthal's ghost (novice KoHu)
  5718 | D:8      | Killed korthal's ghost
  5718 | D:8      | Reached XP level 10. HP: 107/116 MP: 9/9
  5788 | D:8      | Reached skill level 9 in Unarmed Combat
  5890 | D:8      | Found Linnavvi's Assorted Antiques.
  6015 | D:8      | Noticed a two-headed ogre
  6086 | D:7      | Reached skill level 5 in Shields
  6101 | D:7      | Killed a two-headed ogre
  6435 | D:8      | Noticed a two-headed ogre
  6447 | D:8      | Killed a two-headed ogre
  7178 | D:9      | Paralysed by a hornet for 2 turns
  7254 | D:9      | Noticed Joseph
  7269 | D:9      | Killed Joseph
  7534 | D:9      | Found a radiant altar of Vehumet.
  7597 | D:10     | Entered Level 10 of the Dungeon
  7632 | D:10     | Reached XP level 11. HP: 119/126 MP: 10/10
  7651 | D:10     | Paralysed by the fury of Uskayaw for 3 turns
  8035 | D:10     | Reached skill level 1 in Evocations
  8241 | D:10     | Noticed a two-headed ogre
  8265 | D:10     | Killed a two-headed ogre
  8302 | D:10     | Found a staircase to the Lair.
  8355 | Lair:1   | Entered Level 1 of the Lair of Beasts
  8355 | Lair:1   | Noticed an eight-headed hydra
  8449 | D:11     | Killed an unseen horror
  8449 | D:11     | Reached skill level 5 in Throwing
  8499 | D:11     | Noticed a purple ugly thing
  8513 | D:11     | Killed a purple ugly thing
  8563 | D:11     | Found a flagged portal.
  8655 | Bailey   | Entered a bailey
  8695 | Bailey   | Was forgiven by Uskayaw
  8960 | Bailey   | Found an iron altar of Okawaru.
  8962 | Bailey   | Noticed a sixfirhy
  8970 | Bailey   | Reached skill level 10 in Unarmed Combat
  9758 | D:11     | Found a staircase to the Orcish Mines.
 10079 | D:11     | Noticed a purple ugly thing
 10171 | D:11     | Reached XP level 12. HP: 129/135 MP: 13/13
 10580 | Lair:1   | HP: 4/135 [eight-headed hydra (13)]
 10583 | D:10     | Killed an eight-headed hydra
 10954 | Lair:1   | Got an ancient mace
 10956 | Lair:1   | Identified the +7 mace "Wigaim" {holy, *Slow rPois rC++ MP+9} (You found it on level 1 of the Lair of Beasts)
 11163 | Lair:1   | Got a dazzling falchion
 11170 | Lair:1   | Identified the +9 falchion of Olilulen {freeze, rPois rF++} (You found it on level 1 of the Lair of Beasts)
 11228 | Lair:1   | Reached skill level 1 in Maces & Flails
 11769 | Lair:2   | Found a labyrinth entrance.
 11834 | Lab      | Entered a labyrinth
 12840 | Lab      | Noticed a minotaur
 12853 | Lab      | Killed a minotaur
 12853 | Lab      | Reached skill level 11 in Unarmed Combat
 12867 | Lab      | Identified the Catalogue of Talismans
 12869 | Lab      | Identified the Volume of Curses
 13172 | Lair:2   | Found a staircase to the Shoals.
 14273 | Lair:3   | Noticed a four-headed hydra
 14281 | Lair:3   | Killed a four-headed hydra
 14588 | Lair:4   | Noticed a six-headed hydra
 14609 | Lair:3   | Reached skill level 12 in Unarmed Combat
 14799 | Lair:3   | Slain by a six-headed hydra

Skill      XL: |  1  2  3  4  5  6  7  8  9 10 11 12 |
---------------+-------------------------------------+-----
Unarmed Combat | 1 2 3 4 5 6 7 8 9 10 12 | 12.0
Throwing       | 4 6 7 |  7.6
Fighting       | 2 4 5 7 8 9 |  9.0
Shields        | 4 8 9 |  9.0
Evocations     | 3 4 |  4.0
Dodging        | 4 |  4.0
Maces & Flails | 3 |  3.6
Stealth        | |  0.3

Action                   |  1- 3 |  4- 6 |  7- 9 | 10-12 || total
-------------------------+-------+-------+-------+-------++-------
Melee: Unarmed           |   127 |   125 |   314 |   894 ||  1460
       Punch             |       |     3 |     3 |       ||     6
       Kick              |       |       |    37 |       ||    37
       Headbutt          |       |       |    13 |   173 ||   186
       Mace              |       |       |       |     4 ||     4
Throw: Large rock        |       |       |       |    10 ||    10
Invok: Stomp             |       |     2 |       |       ||     2
       Line Pass         |       |       |     1 |       ||     1
Evoke: Wand              |       |       |       |    10 ||    10
  Use: Potion            |       |       |     8 |     6 ||    14
       Scroll            |       |       |       |    22 ||    22
 Stab: Sleeping          |     3 |     1 |     1 |     2 ||     7
       Paralysed         |       |       |     9 |       ||     9
  Eat: Chunk             |    18 |    10 |    30 |    89 ||   147
       Ration            |       |       |       |     2 ||     2
Armor: Robe              |    41 |    45 |    70 |   176 ||   332
       Skin              |       |       |    34 |     6 ||    40
Dodge: Dodged            |    67 |    60 |   161 |   385 ||   673
Block: Shield            |       |       |    38 |   485 ||   523
